 Dungeon Crawl Stone Soup version 0.30-a0-782-ge64f9170bb (webtiles) character file.

Game seed: 8943355234455666656

26604 cheesebisquit the Slicer (level 13, -6/99 HPs)
             Began as a Merfolk Hexslinger on Feb 18, 2023.
             Was an Initiate of Uskayaw.
             Mangled by a freezing wraith (10 damage)
             ... on level 15 of the Dungeon.
             The game lasted 01:31:30 (16384 turns).

cheesebisquit the Slicer (Merfolk Hexslinger)      Turns: 16384, Time: 01:31:31

Health: -6/99      AC: 18    Str: 14    XL:     13   Next: 27%
Magic:  0/23       EV: 23    Int: 12    God:    Uskayaw [......]
Gold:   590        SH:  5    Dex: 23    Spells: 21/26 levels left

rFire   + . .      SeeInvis .    D - +2 dagger (drain)
rCold   x . .      Faith    .    G - +1 buckler
rNeg    . . .      Spirit   +    K - +4 ring mail of Disappointment {Harm Will- rCorr Str+4 Stlth+}
rPois   .          Reflect  .    o - +2 hat {Stlth+}
rElec   .          Harm     +    (no cloak)
rCorr   +          Rampage  .    i - +2 pair of gloves
Will    .....                    k - +2 pair of boots {Fly}
Stlth   ++++++                   H - amulet of guardian spirit
HPRegen 0.36/turn                m - ring "Zuabb" {Fire rCorr Dex+3}
MPRegen 0.18/turn                L - +5 ring of evasion

@: flying, hasted, very quick
A: (nimble swimmer 2), mertail
a: Renounce Religion


You were on level 15 of the Dungeon.
You worshipped Uskayaw.
Uskayaw was noncommittal.
You visited 1 branch of the dungeon, and saw 13 of its levels.
You also visited: Sewer.

You collected 925 gold pieces.
You spent 335 gold pieces at shops.

Inventory:

Hand Weapons
 a - a +1 sling
 s - a +0 long sword
 t - a +1 heavy long sword
 D - a +2 dagger of draining (weapon)
 O - a +1 long sword of flaming
 Q - a +1 dagger of speed
 V - the +5 scimitar of Articulation {freeze, rCorr}
   (You found it on level 11 of the Dungeon)

   rCorr:     It protects you from acid and corrosion.
Missiles
 e - 52 poisoned darts
 I - 11 atropa-tipped darts
 R - 3 curare-tipped darts
Armour
 c - a +0 robe
 i - a +2 pair of gloves (worn)
 k - a +2 pair of boots of flying (worn)
 o - a +2 hat of stealth (worn)
 q - a +0 leather armour
 G - a +1 buckler (worn)
 K - the +4 ring mail of Disappointment (worn) {Harm Will- rCorr Str+4 Stlth+}
   (You took it off a kobold on level 6 of the Dungeon)

   Str:       It affects your strength (+4).
   rCorr:     It protects you from acid and corrosion.
   Harm:      It increases damage dealt and taken.
   Will:      It decreases your willpower.
   Stlth:     It makes you more stealthy.
 P - +0 steam dragon scales
Jewellery
 g - an amulet of magic regeneration
 m - the ring "Zuabb" (left hand) {Fire rCorr Dex+3}
   (You found it on level 3 of the Dungeon)

   [ring of fire]

   It enhances your fire magic.
   Dex:       It affects your dexterity (+3).
   rF:        It protects you from fire.
   rC:        It makes you vulnerable to cold.
   rCorr:     It protects you from acid and corrosion.
 p - a ring of poison resistance
 A - a ring of willpower
 H - an amulet of guardian spirit (around neck)
 L - a +5 ring of evasion (right hand)
 Y - a ring of fire
Wands
 b - a wand of mindburst (11)
 h - a wand of flame (8)
 M - a wand of iceblast (25)
 U - a wand of charming (3)
Scrolls
 f - 11 scrolls of teleportation
 j - 2 scrolls of blinking
 n - 6 scrolls of fear
 w - a scroll of magic mapping {unknown}
 x - a scroll of butterflies
 y - a scroll of fog {unknown}
 J - 3 scrolls of amnesia
 N - a scroll of torment
Potions
 d - 3 potions of haste
 l - 3 potions of might
 r - a potion of attraction
 u - 2 potions of resistance
 v - 3 potions of mutation
 z - 2 potions of magic
 B - 2 potions of ambrosia
 C - 13 potions of curing
 F - 3 potions of brilliance
 S - 2 potions of flight
 T - 2 potions of cancellation {unknown}
 W - a potion of lignification {unknown}
 X - a potion of invisibility


   Skills:
 + Level 8.6 Fighting
 * Level 12.8 Short Blades
 - Level 1.5 Ranged Weapons
 - Level 4.2 Armour
 + Level 10.5 Dodging
 + Level 9.2 Stealth
 + Level 7.1 Spellcasting
 + Level 8.4 Hexes
 + Level 7.7 Invocations


You had 21 spell levels left.
You knew the following spells:

 Your Spells              Type           Power      Damage    Failure   Level
a - Slow                  Hex            96%        N/A       1%          1
b - Cause Fear            Hex            12%        N/A       14%         4

Your spell library contained the following spells:

 Spells                   Type           Power      Damage    Failure   Level
 Inner Flame              Hex/Fire       21%        N/A       24%         3
 Portal Projectile        Hex/Tloc       28%        N/A       24%         3
 Apportation              Tloc           8%         N/A       41%         1
 Necrotise                Necr           16%        1d4       41%         1
 Sting                    Tmut/Pois      16%        1d3       41%         1
 Summon Small Mammal      Summ           16%        N/A       41%         1
 Poisonous Vapours        Pois/Air       8%         N/A       54%         2
 Static Discharge         Conj/Air       8%         2-3/arc   54%         2
 Hailstorm                Conj/Ice       4%         3d4       78%         3
 Vhi's Electric Charge    Tloc/Air       8%         N/A       78%         3
 Animate Dead             Necr           4%         N/A       99%         4
 Ice Form                 Ice/Tmut       4%         N/A       99%         4
 Olgreb's Toxic Radiance  Pois           4%         N/A       99%         4
 Conjure Ball Lightning   Conj/Air       2%         3x3d6     100%        6
 Simulacrum               Ice/Necr       2%         N/A       100%        6
 Dragon Form              Tmut           2%         N/A       100%        7
 Haunt                    Necr/Summ      2%         N/A       100%        7
 Infestation              Necr           2%         N/A       100%        8
 Summon Horrible Things   Summ           2%         N/A       100%        8
 Dragon's Call            Summ           2%         N/A       100%        9


Dungeon Overview and Level Annotations

Branches:
Dungeon (12/15)            Temple (0/1) D:6            Lair (0/5) D:8
    Orc (0/2) D:10          Sewer (visited)

Altars:
Dithmenos
Gozag
Hepliaklqana
Okawaru
Qazlal
Sif Muna
Uskayaw
Vehumet

Shops:
D:3 =   D:6 ((![!   D:7 *   D:9 *   D:10 *:

Annotations:
D:4 Pikel
D:9 6 transporters


Innate Abilities, Weirdness & Mutations

((You are very nimble when in or above water. (Stealth+, EV+, Speed+++)))
Your lower body shifts to a powerful aquatic tail in water.


Message History

The freezing wraith is severely damaged.
You hit the freezing wraith but do no damage.
The freezing wraith is severely damaged.
You barely miss the freezing wraith.
The freezing wraith is severely damaged.
You block the freezing wraith's attack. The freezing wraith misses you.
You completely miss the freezing wraith.
The freezing wraith is severely damaged.
You hit the freezing wraith but do no damage.
The freezing wraith is severely damaged.
You closely miss the freezing wraith.
The freezing wraith is severely damaged.
The freezing wraith hits you! The freezing wraith freezes you!!
You feel a terrible chill!
* * * LOW HITPOINT WARNING * * *
The freezing wraith misses you.
You hit the freezing wraith but do no damage.
The freezing wraith is severely damaged.
Aiming: Mindburst
Press: ? - help, Shift-Dir - straight line, f/p - freezing wraith
Aim: a freezing wraith (severely damaged, chance to affect: 47%)
The freezing wraith resists with some effort.
You block the freezing wraith's attack. The freezing wraith misses you.
Aiming: Mindburst
Press: ? - help, Shift-Dir - straight line, f/p - freezing wraith
Aim: a freezing wraith (severely damaged, chance to affect: 47%)
The freezing wraith resists with some effort.
Aiming: Throw Flame
Press: ? - help, Shift-Dir - straight line, f/p - freezing wraith
Aim: a freezing wraith (severely damaged, 68% to hit)
The puff of flame hits the freezing wraith but does no damage.
The freezing wraith is severely damaged.
The freezing wraith barely misses you.
The freezing wraith completely misses you.
Aiming: Charm
Press: ? - help, Shift-Dir - straight line, f/p - freezing wraith
Aim: a freezing wraith (severely damaged, chance to affect: 31%)
The freezing wraith easily resists.
You block the freezing wraith's attack. The freezing wraith hits you!
You die...

##### ## #.#.##
####. #....###
##....
##......######.....
##...##.............
#..@########......).
#..W## ####.....
#..# ##..^. #.##
#.... # ##... ##..
#.. #.. #..


You could see a freezing wraith.

Vanquished Creatures
  Josephine (D:11)
  A hydra (D:15)
  Erolcha (D:11)
  A boulder beetle (D:12)
  3 two-headed ogres
  3 centaur warriors
  A death knight (D:12)
  A skeletal warrior (D:12)
  2 ugly things (D:12)
  5 cyclopes
  3 manticores
  Joseph (D:7)
  2 gargoyles
  Maggie (D:8)
  6 unseen horrors (D:12)
  2 komodo dragons (D:12)
  A tengu conjurer (D:15)
  3 trolls (D:12)
  A hornet (D:8)
  A slime creature (D:12)
  6 wraiths
  22 yaks
  3 shadows
  2 vampires
  A steam dragon (D:8)
  10 vampire mosquitoes
  2 acid dragons (D:12)
  4 water moccasins
  A meliai simulacrum (D:12)
  5 orc warriors
  An ice beast (D:7)
  A black bear (D:5)
  2 ogres
  A sky beast (D:8)
  A boggart (D:12)
  A phantom (D:5)
  7 centaurs
  6 bullfrogs
  2 necrophages
  5 kobold brigands
  A gnoll sergeant (D:12)
  3 scorpions
  13 killer bees
  2 electric eels (D:6)
  2 hounds (D:6)
  4 orc priests
  A jelly (D:4)
  A gnoll bouda (D:4)
  An iguana (D:5)
  Natasha (twice) (D:4)
  15 orc wizards
  5 gnolls (D:4)
  13 adders
  7 river rats (Sewer)
  3 shadow imps
  A white imp (D:6)
  An ufetubus (D:5)
  38 orcs
  12 ball pythons
  7 bats
  5 endoplasms
  3 giant cockroaches
  8 goblins
  4 hobgoblins
  30 kobolds
  8 quokkas
  4 frilled lizards
  23 rats
340 creatures vanquished.

Vanquished Creatures (others)
  An orc wizard (D:8)
1 creature vanquished.

Grand Total: 341 creatures vanquished

Notes
Turn   | Place    | Note
-------+----------+-------------------------------------------
     0 | D:1      | cheesebisquit the Merfolk Hexslinger began the quest for
                  | the Orb.
     0 | D:1      | Reached XP level 1. HP: 15/15 MP: 2/2
   136 | D:1      | Reached XP level 2. HP: 21/21 MP: 1/3
   810 | D:1      | Reached skill level 1 in Short Blades
   810 | D:1      | Reached XP level 3. HP: 22/26 MP: 2/5
  1696 | D:2      | Reached XP level 4. HP: 31/33 MP: 4/6
  2117 | D:3      | Reached skill level 1 in Stealth
  2133 | D:3      | Identified the ring "Zuabb" {Fire rCorr Dex+3}
  2141 | D:3      | Found Unusow's Jewellery Shop.
  2194 | D:3      | Found a faded altar of an unknown god.
  2467 | D:3      | Found a glowing drain.
  2541 | Sewer    | Entered a sewer
  2614 | Sewer    | Reached skill level 2 in Short Blades
  2615 | Sewer    | Reached XP level 5. HP: 33/38 MP: 7/7
  2724 | Sewer    | Reached skill level 3 in Short Blades
  3023 | Sewer    | Learned a level 4 spell: Cause Fear
  3186 | Sewer    | Reached XP level 6. HP: 46/46 MP: 5/9
  3572 | D:4      | Reached skill level 4 in Short Blades
  3704 | D:4      | Noticed Pikel
  3855 | D:4      | Noticed Natasha
  3879 | D:4      | Killed Natasha
  4169 | D:4      | Reached XP level 7. HP: 41/52 MP: 3/10
  4365 | D:4      | Found a hide-covered altar of Uskayaw.
  4376 | D:4      | Became a worshipper of Uskayaw the Reveller
  4516 | D:4      | Reached * piety under Uskayaw
  4521 | D:4      | Reached ** piety under Uskayaw
  4551 | D:4      | Reached *** piety under Uskayaw
  4564 | D:4      | Reached **** piety under Uskayaw
  4917 | D:4      | Noticed Natasha
  4922 | D:4      | Killed Natasha
  4950 | D:5      | Entered Level 5 of the Dungeon
  5134 | D:5      | Reached skill level 5 in Dodging
  5315 | D:5      | Reached skill level 5 in Short Blades
  5315 | D:5      | Reached skill level 1 in Invocations
  5478 | D:5      | Reached XP level 8. HP: 58/58 MP: 7/12
  5697 | D:6      | Found Imygrum's Armour Shop.
  5955 | D:6      | Found Furiwyul's Weapon Shop.
  5965 | D:6      | Reached skill level 6 in Short Blades
  5967 | D:6      | Bought 6 atropa-tipped darts for 59 gold pieces
  5973 | D:6      | Found a staircase to the Ecumenical Temple.
  6255 | D:6      | Found Eca Yrau's Distillery.
  6261 | D:6      | Identified the +4 ring mail of Disappointment {Harm Will-
                  | rCorr Str+4 Stlth+}
  6306 | D:6      | Reached skill level 5 in Hexes
  6396 | D:6      | Bought a potion of heal wounds for 60 gold pieces
  6396 | D:6      | Bought a potion of curing for 36 gold pieces
  6396 | D:6      | Bought a potion of curing for 36 gold pieces
  6396 | D:6      | Bought a potion of heal wounds for 60 gold pieces
  6420 | D:6      | Found Luel's Distillery.
  6457 | D:6      | Reached XP level 9. HP: 66/66 MP: 14/14
  6562 | D:6      | Found a radiant altar of Vehumet.
  6573 | D:6      | Found a shimmering blue altar of Sif Muna.
  6720 | D:6      | Found a stormy altar of Qazlal.
  6766 | D:6      | Found Juruerph's Antique Weapon Shop.
  6985 | D:6      | Bought 2 potions of curing for 84 gold pieces
  7068 | D:7      | Reached skill level 7 in Short Blades
  7109 | D:7      | Noticed Joseph
  7116 | D:7      | Killed Joseph
  7117 | D:7      | Reached skill level 5 in Fighting
  7117 | D:7      | Reached skill level 1 in Armour
  7117 | D:7      | Reached skill level 5 in Stealth
  7129 | D:7      | Found Gozag's Platinum Reserve.
  7150 | D:7      | Found an opulent altar of Gozag.
  8176 | D:8      | Noticed Maggie
  8197 | D:8      | Killed Maggie
  8198 | D:8      | Reached skill level 8 in Short Blades
  8215 | D:8      | Reached XP level 10. HP: 56/74 MP: 1/16
  8335 | D:8      | Paralysed by a hornet for 3 turns
  8884 | D:8      | Noticed a cyclops
  8890 | D:8      | Killed a cyclops
  8922 | D:8      | Noticed a centaur warrior
  8952 | D:8      | Killed a centaur warrior
  9051 | D:8      | Noticed a centaur warrior
  9054 | D:8      | Killed a centaur warrior
  9055 | D:8      | Reached skill level 9 in Short Blades
  9055 | D:8      | Reached skill level 5 in Spellcasting
  9174 | D:8      | Found a staircase to the Lair.
  9935 | D:8      | Found a shadowy altar of Dithmenos.
 10247 | D:9      | Found a transporter.
 10252 | D:9      | Found a transporter.
 10610 | D:9      | Found Cugoot's Elemental Accessories.
 10652 | D:9      | Found a transporter.
 10655 | D:9      | Found a transporter.
 10717 | D:9      | Reached skill level 5 in Invocations
 10878 | D:9      | Found a transporter.
 10882 | D:9      | Found a transporter.
 10988 | D:10     | Entered Level 10 of the Dungeon
 11138 | D:10     | Reached XP level 11. HP: 77/81 MP: 13/18
 11339 | D:10     | Found Mudoise's Book Shoppe.
 11358 | D:10     | Found an iron altar of Okawaru.
 11716 | D:10     | Found Hikhaott's General Store.
 12054 | D:10     | Reached skill level 10 in Short Blades
 12499 | D:10     | Found a staircase to the Orcish Mines.
 12628 | D:11     | Noticed a manticore
 12708 | D:11     | Noticed Erolcha
 12711 | D:11     | Killed Erolcha
 12782 | D:11     | Killed a manticore
 12832 | D:11     | Identified the +5 scimitar of Articulation {freeze, rCorr}
 12858 | D:11     | Noticed a two-headed ogre
 12903 | D:11     | Killed a two-headed ogre
 13036 | D:11     | Noticed Josephine
 13046 | D:11     | Killed Josephine
 14056 | D:12     | Reached XP level 12. HP: 28/91 MP: 4/21
 14299 | D:12     | Reached skill level 11 in Short Blades
 14373 | D:12     | Noticed a boulder beetle
 14464 | D:12     | Killed a boulder beetle
 14758 | D:12     | Noticed a centaur warrior
 14759 | D:12     | Noticed a two-headed ogre
 14760 | D:12     | Noticed a death knight
 14763 | D:12     | Killed a two-headed ogre
 14771 | D:12     | Killed a centaur warrior
 14775 | D:12     | Reached ***** piety under Uskayaw
 14778 | D:12     | Killed a death knight
 14822 | D:12     | Noticed a soul eater
 14833 | D:12     | Reached ****** piety under Uskayaw
 15241 | D:12     | Got Sif Muna's Incunable of the Charged Flock
 15243 | D:12     | Identified the +7 war axe of Debt {drain, Int+2}
 15273 | D:12     | Reached skill level 12 in Short Blades
 15319 | D:12     | Reached skill level 10 in Dodging
 15437 | D:12     | Noticed a two-headed ogre
 15459 | D:12     | Killed a two-headed ogre
 15460 | D:12     | Reached XP level 13. HP: 80/99 MP: 1/23
 15743 | D:12     | You are sucked into a shaft and drop 3 floors!
 15743 | D:15     | Entered Level 15 of the Dungeon
 15942 | D:15     | Found a hazy altar of Hepliaklqana.
 16379 | D:15     | HP: 3/99 [freezing wraith (28)]
 16384 | D:15     | Mangled by a freezing wraith

Illustrated notes

Levels and vault maps discovered:
D:1:      minmay_arrival_open_corners, layout_basic, minmay_pentomino_u2
D:2:      layout_loops_cross
D:3:      layout_basic, serial_shops, nicolae_shop_window_shopping,
          portal_sewer_entry_f, shapermc_ecumenical_altar_gd,
          kennysheep_minor_cross
D:4:      layout_loops_corners, old_standard_altar, uniq_pikel, uniq_natasha
D:5:      layout_loops_ring
D:6:      layout_rooms, mainiacjoe_overflow_catwalk_spiral,
          nicolae_qazlal_scattered_showers, minmay_temple_entry_slanted,
          serial_shops, kennysheep_little_box, shop, shop_fountains,
          nicolae_shop_trees, nicolae_square_shop, serial_bayou_ford_a,
          water_maze_lemuel
D:7:      layout_cave_pods, nicolae_gozag_zags_fifth_avenue, uniq_joseph
D:8:      layout_layer_cave, mainiacjoe_overflow_surrounded_room,
          lair_entry_dummy, wad_mini_maze, uniq_maggie
D:9:      layout_gridville, nicolae_elemental_shop, serial_nicolae_subway,
          nicolae_sub_station_stone, nicolae_sub_station_crystal,
          nicolae_sub_station_metal
D:10:     layout_stronghold, pf_just_have_faith, david_orc_4, serial_shops,
          nicolae_shop_behind_doors, small_statue_alley_a, nicolae_stop_n_shop_2
D:11:     layout_loops_ring, uniq_josephine, uniq_erolcha
D:12:     minmay_the_grid_octo_tiled_octocenter [minmay_the_grid_octo_chip,
          minmay_the_grid_octo_clover_2, minmay_the_grid_octo_fat_diamond,
          minmay_the_grid_octo_toaster,
          minmay_the_grid_octo_prize_ultimate_mussel_roller,
          minmay_the_grid_square_5x5_v, minmay_the_grid_square_5x5_bite,
          minmay_the_grid_square_5x5_three_walls,
          minmay_the_grid_square_5x5_fancy_junction], layout_grid_maze
D:15:     hangedman_depths_entry_try_elsewhere_first, layout_cave_pods,
          nzn_hepliaklqana_mist_gate, serial_park, serial_park_square2,
          serial_park_square1 [serial_park_minivault_5x5_1],
          serial_park_avenue1, dk_noncrumbling_3

Skill      XL: |  1  2  3  4  5  6  7  8  9 10 11 12 13 |
---------------+----------------------------------------+-----
Dodging        | 3 4 5 7 8 9 10 | 10.5
Short Blades   | 1 2 3 4 5 6 8 9 10 12 | 12.8
Stealth        | 1 2 3 4 5 6 7 8 9 |  9.2
Fighting       | 2 3 4 5 6 7 8 |  8.6
Spellcasting   | 2 3 4 5 6 7 |  7.1
Hexes          | 4 5 6 7 8 |  8.4
Invocations    | 1 2 3 5 6 7 |  7.7
Armour         | 1 2 3 4 |  4.2
Ranged Weapons | |  1.5

Action                     |  1- 3 |  4- 6 |  7- 9 | 10-12 | 13-15 || total
---------------------------+-------+-------+-------+-------+-------++-------
  Melee: Dagger            |   159 |   269 |   314 |   971 |   146 ||  1859
         Punch             |       |     5 |       |       |       ||     5
   Fire: Sling             |    31 |    70 |       |       |       ||   101
  Throw: Dart              |       |     7 |       |       |       ||     7
   Cast: Slow              |    50 |    86 |   103 |    91 |    12 ||   342
 Invoke: Stomp             |       |       |    16 |    40 |     3 ||    59
         Line Pass         |       |       |       |     5 |       ||     5
  Evoke: Wand              |       |     7 |       |       |     4 ||    11
    Use: Potion            |     2 |       |       |     1 |     6 ||     9
         Scroll            |       |    11 |     5 |     8 |     1 ||    25
   Stab: Sleeping          |     2 |     3 |    11 |    15 |     2 ||    33
         Paralysed         |       |       |     3 |    17 |     1 ||    21
         Distracted        |       |       |     1 |       |       ||     1
         Confused          |       |       |       |     4 |     1 ||     5
 Armour: Robe              |    11 |       |       |       |       ||    11
         Leather armour    |    48 |    86 |    50 |       |       ||   184
         Ring mail         |       |       |    26 |   232 |    45 ||   303
  Dodge: Dodged            |   115 |   202 |   210 |   586 |   163 ||  1276
  Block: Buckler           |       |       |    45 |   139 |    38 ||   222

Table legend: (Time is in decaauts)
 A = Elapsed time spent in this place.
 B = Non-inter-level travel time spent in this place.
 C = Inter-level travel time spent in this place.
 D = Time resting spent in this place.
 E = Time spent auto-exploring this place.
 F = Levels seen in this place.
 G = Mean time per level.
                   A        B        C        D        E       F      G
               +--------+--------+--------+--------+--------+-----+--------+
         Total |  15575 |  14980 |    595 |   1055 |  10327 |  14 | 1112.5 |
       Dungeon |  14810 |  14215 |    595 |    940 |  10011 |  13 | 1139.2 |
         Sewer |    765 |    765 |      0 |    115 |    315 |   1 |  765.0 |
               +--------+--------+--------+--------+--------+-----+--------+

Top non-repeatable levels by time:
     D:8: 1976 daAuts
    D:10: 1589 daAuts
    D:11: 1478 daAuts
    D:12: 1263 daAuts
     D:4: 1261 daAuts
     D:7: 1140 daAuts
     D:6: 1095 daAuts
     D:1: 1049 daAuts
     D:2: 994 daAuts
     D:5: 866 daAuts
     D:3: 794 daAuts
   Sewer: 765 daAuts
     D:9: 716 daAuts
    D:15: 582 daAuts
